 Dungeon Crawl Stone Soup version 0.24-a0-228-g05560da (webtiles) character file.

Game seed: 3094155996068830056

40 technobutter the Shield-Bearer (level 3, -1/33 HPs)
             Began as a Hill Orc Fighter on Apr 2, 2019.
             Slain by a centaur (5 damage)
             ... on level 2 of the Dungeon.
             The game lasted 00:04:28 (1237 turns).

technobutter the Shield-Bearer (Hill Orc Fighter)   Turns: 1237, Time: 00:04:28

Health: -1/33      AC:  7    Str: 19    XL:     3   Next: 50%
Magic:  3/3        EV:  7    Int:  8    God:
Gold:   85         SH:  9    Dex: 10    Spells: 2/2 levels left

rFire    . . .     SeeInvis .   a - +0 flail
rCold    . . .     Gourm    .   c - +0 shield
rNeg     . . .     Faith    .   b - +0 scale mail
rPois    .         Spirit   .   (no helmet)
rElec    .         Reflect  .   (no cloak)
rCorr    .         Harm     .   (no gloves)
MR       .....                  (no boots)
Stlth    ..........             (no amulet)
HPRegen  0.11/turn              (no ring)
MPRegen  0.08/turn              (no ring)

@: no status effects
A: no striking features
a: no special abilities


You were on level 2 of the Dungeon.
You were not hungry.

You visited 1 branch of the dungeon, and saw 2 of its levels.

You collected 85 gold pieces.

Inventory:

Hand Weapons
 a - a +0 flail (weapon)
Missiles
 e - 7 tomahawks (quivered)
Armour
 b - a +0 scale mail (worn)
 c - a +0 shield (worn)
Jewellery
 h - a cursed -5 ring of intelligence {unknown}
Scrolls
 g - a scroll of blinking {unknown}
 i - 2 scrolls of magic mapping {unknown}
 j - a scroll of identify {unknown}
Potions
 d - a potion of might
Comestibles
 f - 4 rations


   Skills:
 + Level 3.8 Fighting
 + Level 2.5 Maces & Flails
 + Level 3.8 Armour
 + Level 0.3 Dodging
 + Level 4.0 Shields


You had 2 spell levels left.
You didn't know any spells.
Your spell library was empty.

Dungeon Overview and Level Annotations

Branches:
Dungeon (2/15)

Altars:


Message History

You see here 2 arrows.
You hit the centaur but do no damage. The bat closely misses you. x2
The centaur hits you. You block the bat's attack.
The centaur hits you but does no damage.
The bat hits you but does no damage.
You hit the centaur.
The centaur is lightly wounded.
The bat barely misses you. The centaur barely misses you.
The bat barely misses you. You block the centaur's attack.
You sock the centaur!
The centaur is severely wounded.
You block the bat's attack. The bat closely misses you. The centaur hits you.
* * * LOW HITPOINT WARNING * * *
The centaur hits you.
* * * LOW HITPOINT WARNING * * *
You barely miss the centaur.
The centaur is severely wounded.
The bat barely misses you. The bat hits you but does no damage.
The centaur hits you.
You die...

# ##. . .. # .. #
#.## #### # #... ..#
######## ... #.#
#.......
#.#.###.######.######
#..c@b.........# #.
#.#.###.######## #..
#. #.# ##. .. ..# ##
### #### # . .#


You could see a centaur and a bat.

Vanquished Creatures
  An adder (D:2)
  A leopard gecko (D:1)
  A ball python (D:1)
  10 bats
  3 goblins
  6 hobgoblins (D:1)
  2 kobolds (D:1)
  2 frilled lizards
  2 rats (D:1)
28 creatures vanquished.

Notes
Turn   | Place    | Note
-------+----------+-------------------------------------------
     0 | D:1      | technobutter the Hill Orc Fighter began the quest for the
                  | Orb.
     0 | D:1      | Reached XP level 1. HP: 19/19 MP: 1/1
    97 | D:1      | Reached XP level 2. HP: 27/27 MP: 2/2
   698 | D:1      | Reached XP level 3. HP: 33/33 MP: 3/3
  1067 | D:2      | Reached skill level 4 in Shields
  1229 | D:2      | Noticed a centaur
  1237 | D:2      | Slain by a centaur

Levels and vault maps discovered:
D:1:      erik_arrival_blinker_ship, layout_basic, corner_web_ring
D:2:      layout_loops_cross, minmay_statues_item

Skill      XL: |  1  2  3 |
---------------+----------+-----
Shields        | 4 |  4.0
Fighting       | |  3.8
Maces & Flails | |  2.5
Armour         | |  3.8
Dodging        | |  0.3

Action                   || total
-------------------------++-------
Melee: Flail             ||   137
  Eat: Ration            ||     1
Armor: Scale mail        ||    97
Dodge: Dodged            ||    76
Block: Shield            ||   117

Table legend:
 A = Non-vault XP
 B = Vault XP
 C = Vault XP percentage of total XP
 D = Non-vault monster count
 E = Vault monster count
 F = Vault count percentage of total count
                 A         B        C        D         E       F
            +---------+---------+-------+---------+---------+-------
      Total |      58 |       0 |   0.0 |      28 |       0 |   0.0
            +---------+---------+-------+---------+---------+-------
        D:1 |      40 |       0 |   0.0 |      24 |       0 |   0.0
        D:2 |      18 |       0 |   0.0 |       4 |       0 |   0.0
            +---------+---------+-------+---------+---------+-------
